 Dungeon Crawl Stone Soup version 0.17-a0-896-g249456b (console) character file.

140 dunyain the Chopper (level 5, -11/38 HPs)
             Began as a Demonspawn Gladiator on May 1, 2015.
             Mangled by an ogre
             ... wielding a +0 giant club
              (26 damage)
             ... on level 3 of the Dungeon.
             The game lasted 00:03:49 (3150 turns).

dunyain the Chopper (Demonspawn Gladiator)          Turns: 3150, Time: 00:03:49

Health: -11/38     AC:  8    Str: 18    XL:     5   Next: 2%
Magic:  5/5        EV: 12    Int: 11    God:
Gold:   65         SH:  0    Dex: 14    Spells: 0 memorised, 4 levels left

rFire  + . .     SeeInvis .     a - +0 war axe
rCold  . . .     Clarity  +     q - +0 leather armour {rF+}
rNeg   . . .     SustAb   .     (no shield)
rPois  .         Gourm    .     c - +0 helmet
rElec  .         Spirit   .     n - +1 cloak
rCorr  .         Warding  .     o - +0 pair of gloves
rMut   .         Stasis   .     v - +0 pair of boots
MR     .....                    g - amulet of clarity
Stlth  ++........               (no ring)
                                (no ring)

@: not resistant to hostile enchantments, unstealthy
A: claws 1, clever 1, nightstalker 1, strong 1, subdued magic 1
a: no special abilities


You were on level 3 of the Dungeon.
You were very hungry.

You visited 1 branch of the dungeon, and saw 3 of its levels.

You collected 65 gold pieces.

Inventory:

Hand weapons
 a - a +0 war axe (weapon)
Missiles
 d - 3 throwing nets (quivered)
Armour
 b - a +0 leather armour
 c - a +0 helmet (worn)
 n - a +1 cloak (worn)
 o - a +0 pair of gloves (worn)
 q - a +0 leather armour of fire resistance (worn)
 v - a +0 pair of boots (worn)
Jewellery
 g - an amulet of clarity (around neck)
Scrolls
 f - 2 scrolls of fear {unknown}
 m - a scroll of enchant armour {unknown}
 w - a scroll of magic mapping {unknown}
 y - a scroll of remove curse {unknown}
Potions
 j - 4 potions of curing
 t - a potion of poison {unknown}
 u - a potion of flight {unknown}
 x - 2 potions of beneficial mutation {unknown}
Comestibles
 e - 4 bread rations


   Skills:
 - Level 2.0 Fighting
 + Level 5.2 Axes
 - Level 1.7 Throwing
 - Level 2.6 Dodging


You had 4 spell levels left.
You didn't know any spells.

Dungeon Overview and Level Annotations

Branches:
Dungeon (3/15)

Altars:
Dithmenos
Gozag


Innate Abilities, Weirdness & Mutations

You have sharp fingernails.
You are slightly more attuned to the shadows.
Your mind is acute. (Int +2)
Your muscles are strong. (Str +2)
Your spells are a little easier to cast, but a little less powerful.


Message History

No target in view!
Found a scroll labeled IGESUXTADOV.
Found a stone staircase leading down.
y - a scroll labeled IGESUXTADOV The ogre shouts!
The ogre is too close now for your liking.
An ogre is nearby!
The ogre barely misses you.
You closely miss the ogre. The ogre barely misses you.
You barely miss the ogre. The ogre hits you with a giant club!
You hit the ogre.
The ogre is lightly wounded.
You slash the ogre!
The ogre is moderately wounded.
The ogre hits you with a giant club!
You hit the ogre but do no damage.
The ogre is moderately wounded.
The ogre hits you with a giant club!!
Ouch! That really hurt!
You die...

#########.#.#..#.#.#...#......#.#
....#.......#O.#.#.#.##<.####.#.#
###.#......O##.#.#.#..O..# #.#.#
# #.#.......##.#........## #.#.#
# #.#####'#.##...(.##########O#.#
# #.# #.#.##................#.# #
#.# #.#.##................... #
#.# #.#.##...O..#############
###.# #.#.....@......#
..#.#####.#####....###.#
#.#.#.....#............
#.#.#.#####.###....###. #.#.#.#
#.#......# #.#.#.#####.#.#....#
............#.#.#..#
#.#...........#.#..#
#...#.#########.##.#


You could see an ogre.

Vanquished Creatures
  Crazy Yiuf (D:2)
  Ijyb (D:2)
  4 adders
  3 worms
  4 giant geckos
  3 giant cockroaches
  2 goblins
  4 hobgoblins
  2 jackals (D:2)
  2 ball pythons (D:2)
  7 bats
  2 giant newts
  2 kobolds
  A quokka (D:2)
  4 rats
42 creatures vanquished.

Notes
Turn   | Place    | Note
--------------------------------------------------------------
     0 | D:1      | dunyain, the Demonspawn Gladiator, began the quest for the Orb.
     0 | D:1      | Reached XP level 1. HP: 16/16 MP: 1/1
   142 | D:1      | Reached skill level 3 in Axes
   345 | D:1      | Gained mutation: You are slightly more attuned to the shadows. [demonic ancestry]
   345 | D:1      | Reached XP level 2. HP: 19/22 MP: 2/2
   932 | D:2      | Found an opulent altar of Gozag.
  1129 | D:2      | Noticed Crazy Yiuf
  1133 | D:2      | Gained mutation: Your spells are a little easier to cast, but a little less powerful. [potion of mutation]
  1133 | D:2      | Gained mutation: Your muscles are strong. (Str +2) [potion of mutation]
  1133 | D:2      | Gained mutation: Your mind is acute. (Int +2) [potion of mutation]
  1138 | D:2      | Killed Crazy Yiuf
  1138 | D:2      | Reached skill level 4 in Axes
  1138 | D:2      | Gained mutation: You have sharp fingernails. [demonic ancestry]
  1138 | D:2      | Reached XP level 3. HP: 12/27 MP: 3/3
  1380 | D:2      | Noticed Ijyb
  1399 | D:2      | Killed Ijyb
  1399 | D:2      | Reached XP level 4. HP: 33/33 MP: 4/4
  2285 | D:2      | Reached skill level 5 in Axes
  2567 | D:3      | Noticed an ogre
  2936 | D:3      | Found a shadowy altar of Dithmenos.
  3042 | D:3      | Reached XP level 5. HP: 25/38 MP: 5/5
  3150 | D:3      | Mangled by an ogre

Action                   |  1- 3 |  4- 6 || total
-------------------------+-------+-------++-------
Melee: War axe           |    70 |   107 ||   177
  Use: Potion            |     4 |     2 ||     6
 Stab: Sleeping          |       |     2 ||     2
  Eat: Chunk             |     1 |     5 ||     6
